 Dungeon Crawl Stone Soup version 0.20-a0-673-g53087c7 (webtiles) character file.

239 M4edhros the Covert (level 6, 0/38 HPs)
             Began as an Octopode Artificer on Feb 18, 2017.
             Was a Follower of Ru.
             Slain by a two-headed ogre
             ... wielding a +0 giant club
              (15 damage)
             ... on level 5 of the Dungeon.
             The game lasted 00:05:43 (4721 turns).

M4edhros the Covert (Octopode Artificer)            Turns: 4721, Time: 00:05:44

Health: 0/38       AC:  1    Str: 12    XL:     6   Next: 7%
Magic:  8/8        EV: 13    Int: 13    God:    Ru [*.....]
Gold:   310        SH:  3    Dex: 14    Spells: 5/5 levels left

rFire    . . .     SeeInvis .   s - +1 dagger (elec)
rCold    . . .     Gourm    .   l - +0 buckler
rNeg     . . .     Faith    .   (helmet restricted)
rPois    .         Spirit   .   (no amulet)
rElec    .         Reflect  .   z - ring of stealth
rCorr    .         Harm     .   (no ring)
MR       .....                  (no ring)
Stlth    +++++++...             (no ring)
Regen    0.2/turn               (no ring)
MPRegen  0.2/turn               (no ring)
                                (no ring)
                                (no ring)

@: no status effects
A: almost no armour, stealthy swim, amphibious, 8 rings, constrict 8, camouflage
1, gelatinous body 1, inexperienced 1
a: Renounce Religion


You were on level 5 of the Dungeon.
You worshipped Ru.
Ru was aware of your devotion.
You were very hungry.

You visited 1 branch of the dungeon, and saw 5 of its levels.

You collected 310 gold pieces.

Inventory:

Hand Weapons
 a - a +0 short sword
 g - a +3 long sword of holy wrath
 s - a +1 dagger of electrocution (weapon)
Missiles
 h - 156 stones (quivered)
 t - 36 sling bullets
Armour
 l - a +0 buckler (worn)
Jewellery
 z - a ring of stealth (left tentacle)
Wands
 b - a wand of flame (15/48)
 c - a wand of enslavement (4/24)
 d - a wand of random effects (12/48)
Scrolls
 i - a scroll of amnesia
 u - 3 scrolls of blinking
 v - a scroll of fog
 x - a scroll of immolation {unknown}
 y - a scroll of recharging {unknown}
 F - 2 scrolls of teleportation
Potions
 e - 8 potions of curing
 j - 2 potions of might {unknown}
 k - a potion of agility {unknown}
 m - a potion of haste {unknown}
 n - a potion of cancellation
 p - 2 potions of heal wounds {unknown}
 q - a potion of degeneration {unknown}
 A - a potion of mutation {unknown}
 B - a potion of flight {unknown}
 C - 2 potions of invisibility {unknown}
 D - a potion of berserk rage {unknown}
Comestibles
 f - 3 bread rations
 r - 3 fruits


   Skills:
 + Level 1.4 Fighting
 - Level 1.0 Short Blades
 + Level 2.0 Dodging
 + Level 10.6 Stealth
 + Level 0.4 Shields
 - Level 3.2 Evocations


You had 5 spell levels left.
You didn't know any spells.

Dungeon Overview and Level Annotations

Branches:
Dungeon (5/15)
 Temple: D:4-7

Altars:
Ashenzari
Makhleb
Nemelex Xobeh
Ru
Zin


Innate Abilities, Weirdness & Mutations

You cannot wear most types of armour.
You are very stealthy in the water. (Stealth+)
You are amphibious.
You can wear up to eight rings at the same time.
You can use your tentacles to constrict eight enemies at once.
Your skin changes colour to match your surroundings (Stealth+).
Your rubbery body absorbs attacks. (AC +1, EV +1)
You are somewhat inexperienced. (-2 XL)


Message History

Press: ? - help, Shift-Dir - straight line, f/p - two-headed ogre
Aim: a two-headed ogre, wielding a giant club and a dire flail The two-headed ogre resists with some effort.
This wand has 12 charges left.
You are feeling very hungry.
Evoke which item? (* to show all) (? for menu, Esc to quit)
Aiming: Enslavement
Press: ? - help, Shift-Dir - straight line, f/p - two-headed ogre
Aim: a two-headed ogre, wielding a giant club and a dire flail (chance to defeat MR: 37%)
The two-headed ogre resists with some effort.
This wand has 5 charges left.
The two-headed ogre closely misses you.
The two-headed ogre hits you with a dire flail!
Evoke which item? (* to show all) (? for menu, Esc to quit)
Aiming: Enslavement
Press: ? - help, Shift-Dir - straight line, f/p - two-headed ogre
Aim: a two-headed ogre, wielding a giant club and a dire flail (chance to defeat MR: 37%)
The two-headed ogre resists with some effort.
This wand has 4 charges left.
The two-headed ogre hits you with a giant club!
You die...

##..##...### #.#
....##...# #.#
#....#...# #.#
.....##'### #.#
.......†..#####'###
..................#
#.................#
#####
.....##+##..[.....#
#...#
.....##.######.O@.#
#.#.# ..#.....#
#####...# #.#.#
#.#.....###∩###...#
#.#.#
........#.._..#...#
#.#.#
........##....#+###
#.#.#
.............##
#.#.#
.............#
#.#.#
...........).#
#.#.#
..#.###....###
####.#.#


You could see a two-headed ogre.

Vanquished Creatures
  Sigmund (D:5)
  A hound (D:5)
  An orc priest (D:5)
  A bullfrog skeleton (D:4)
  Natasha (thrice) (D:2)
  4 worker ants
  5 adders
  An adder skeleton (D:4)
  2 worms
  A dart slug (D:1)
  3 leopard geckos (D:3)
  8 orcs
  5 bats
  3 giant cockroaches
  13 goblins
  10 hobgoblins
  9 jackals
  3 kobolds
  A quokka (D:3)
  A ball python (D:3)
  10 frilled lizards
  A quokka zombie (D:5)
  8 rats
95 creatures vanquished.

Vanquished Creatures (collateral kills)
  A centaur skeleton (D:5)
  2 rats (D:3)
3 creatures vanquished.

Vanquished Creatures (others)
  A scorpion (D:5)
  An orc (D:4)
  A quokka (D:3)
3 creatures vanquished.

Grand Total: 101 creatures vanquished

Notes
Turn   | Place    | Note
-------+----------+-------------------------------------------
     0 | D:1      | M4edhros the Octopode Artificer began the quest for the Orb.
     0 | D:1      | Reached XP level 1. HP: 13/13 MP: 3/3
    29 | D:1      | Reached skill level 2 in Stealth
    90 | D:1      | Reached skill level 3 in Stealth
    90 | D:1      | Reached XP level 2. HP: 16/18 MP: 4/4
   437 | D:3      | Reached skill level 4 in Stealth
   600 | D:3      | Reached XP level 3. HP: 23/23 MP: 5/5
   946 | D:4      | Reached skill level 5 in Stealth
   946 | D:4      | Reached XP level 4. HP: 16/28 MP: 6/6
  1090 | D:4      | Found a glowing silver altar of Zin.
  1342 | D:4      | Found a sparkling altar of Nemelex Xobeh.
  1373 | D:4      | Reached skill level 6 in Stealth
  1494 | D:4      | HP: 1/28 [bullfrog skeleton (3)]
  1495 | D:4      | Reached XP level 5. HP: 2/33 MP: 7/7
  1903 | D:4      | Reached skill level 7 in Stealth
  1959 | D:5      | Entered Level 5 of the Dungeon
  2013 | D:5      | Found a shattered altar of Ashenzari.
  2087 | D:5      | Found a burning altar of Makhleb.
  2094 | D:5      | Reached skill level 8 in Stealth
  2107 | D:5      | Noticed Sigmund
  2116 | D:5      | Killed Sigmund
  2116 | D:5      | Reached skill level 9 in Stealth
  2116 | D:5      | Reached XP level 6. HP: 28/38 MP: 8/8
  2143 | D:5      | Found a sacrificial altar of Ru.
  2169 | D:5      | Became a worshipper of Ru the Awakened
  2955 | D:2      | Noticed Natasha
  2963 | D:2      | Killed Natasha
  3157 | D:2      | Noticed Natasha
  3166 | D:2      | Killed Natasha
  3166 | D:2      | Reached skill level 10 in Stealth
  3166 | D:2      | Reached XP level 7. HP: 31/43 MP: 9/9
  3245 | D:2      | Gained mutation: You are somewhat inexperienced. (-2 XL) [Ru sacrifice]
  3245 | D:2      | Reached XP level 6. HP: 38/38 MP: 8/8
  3245 | D:2      | Reached XP level 5. HP: 33/33 MP: 7/7
  3245 | D:2      | Reached * piety under Ru
  3505 | D:2      | Noticed Natasha
  3513 | D:2      | Killed Natasha
  4347 | D:5      | Noticed a two-headed ogre
  4363 | D:5      | Reached XP level 6. HP: 4/38 MP: 8/8
  4721 | D:5      | Slain by a two-headed ogre

Vault maps used:
D:1:      lemuel_arrival_rhombus, kennysheep_doodads
D:2:      cheibrodos_greedy_goblins, uniq_natasha
D:3:      minmay_mini_jars
D:4:      kennysheep_mini, nemelex_xobeh_ov_fountains_minmay, first_bread
D:5:      cheibrodos_ashenzari_chains, nicolae_ru_path_of_blood,
          makhleb_heckhound_becter, minmay_temple_entry_nine_rooms,
          serial_shops, shop, uniq_sigmund

Skill      XL: |  1  2  3  4  5  6 |
---------------+-------------------+-----
Stealth        | 3 4 5 6 9 10 | 10.6
Fighting       | |  1.4
Short Blades   | |  1.0
Dodging        | |  2.0
Shields        | |  0.4
Evocations     | |  3.2

Action                   |  1- 3 |  4- 6 |  7- 9 || total
-------------------------+-------+-------+-------++-------
Melee: Short sword       |    49 |     3 |       ||    52
       Constrict         |     9 |    29 |     2 ||    40
       Tentacles         |    11 |    26 |     2 ||    39
       Long sword        |       |    18 |       ||    18
       Dagger            |       |   124 |     6 ||   130
Invok: Sacrifice Experie |       |     1 |       ||     1
Evoke: Wand              |     3 |    11 |       ||    14
  Use: Scroll            |       |     8 |       ||     8
 Stab: Sleeping          |     5 |    28 |       ||    33
       Distracted        |       |     1 |       ||     1
  Eat: Chunk             |       |    11 |       ||    11
Armor: Skin              |     2 |    14 |     1 ||    17
Dodge: Dodged            |    31 |    83 |     4 ||   118
       Rpst.: Long sword |       |     6 |       ||     6
